 Dungeon Crawl Stone Soup version 0.25-a0-294-gea9b1ad378 (webtiles) character file.

Game seed: 2628856851954173035, levelgen mode: deterministic

2275 Error4North the Chopper (level 9, 0/67 HPs)
             Began as a Hill Orc Fighter on Dec 16, 2019.
             Was a Follower of Okawaru.
             Succumbed to a killer bee's poison
             ... on level 6 of the Dungeon.
             The game lasted 01:11:47 (8353 turns).

Error4North the Chopper (Hill Orc Fighter)          Turns: 8353, Time: 01:11:47

Health: 0/67       AC: 18    Str: 22 (24) XL:     9   Next: 39%
Magic:  13/13      EV: 12    Int: 11 (12) God:    Okawaru [*.....]
Gold:   361        SH: 11    Dex: 14 (17) Spells: 14/14 levels left

rFire    + . .     SeeInvis .   a - +0 war axe
rCold    + . .     Gourm    .   c - +0 shield
rNeg     . . .     Faith    .   d - +0 plate armour
rPois    +         Spirit   .   s - +1 helmet {Int+3}
rElec    +         Reflect  .   (no cloak)
rCorr    +         Harm     .   x - +2 pair of gloves
MR       .....                  (no boots)
Stlth    ..........             (no amulet)
HPRegen  0.21/turn              u - +2 ring of evasion
MPRegen  0.13/turn              (no ring)

@: mighty, agile, lethally poisoned (0 -> -1), resistant, very slightly
contaminated
A: frail 1, screaming 2, wild magic 1
a: Heroism, Renounce Religion


You were on level 6 of the Dungeon.
You worshipped Okawaru.
Okawaru was aware of your devotion.
You were hungry.

You visited 2 branches of the dungeon, and saw 8 of its levels.
You also visited: Sewer.

You collected 593 gold pieces.
You spent 232 gold pieces at shops.

Inventory:

Hand Weapons
 a - a +0 war axe (weapon)
 r - a +0 hunting sling
Missiles
 b - 6 silver javelins
 e - 157 stones
 j - 8 boomerangs (quivered)
 t - 36 sling bullets
Armour
 c - a +0 shield (worn)
 d - a +0 plate armour (worn)
 s - a +1 helmet of intelligence (worn)
 x - a +2 pair of gloves (worn)
Jewellery
 u - a +2 ring of evasion (left hand)
 I - an uncursed ring of protection from cold {unknown}
Wands
 h - a wand of scattershot (4)
 y - a wand of random effects (44)
 C - a wand of acid (8)
 D - a wand of polymorph (11)
 G - a wand of iceblast (3)
Scrolls
 g - 6 scrolls of identify
 i - 3 scrolls of remove curse
 k - a scroll of fog
 l - 3 scrolls of blinking
 m - 2 scrolls of random uselessness
 p - 6 scrolls of teleportation
 E - a scroll of enchant armour
Potions
 n - 2 potions of agility
 v - a potion of resistance
Comestibles
 f - 3 rations


   Skills:
 + Level 5.6 Fighting
 + Level 7.9 Axes
 + Level 2.6(2.9) Slings
 + Level 1.9(2.6) Throwing
 * Level 6.6 Armour
 + Level 0.7 Dodging
 + Level 0.3 Stealth
 * Level 7.2 Shields
 * Level 3.1 Spellcasting
 * Level 1.9 Invocations


You had 14 spell levels left.
You didn't know any spells.
Your spell library was empty.

Dungeon Overview and Level Annotations

Branches:
Dungeon (7/15)             Temple (1/1) D:5           Sewer (visited)

Altars:
Ashenzari
Cheibriados
Gozag
Kikubaaqudgha
Nemelex Xobeh
Okawaru
Qazlal
Ru
Sif Muna
Uskayaw
Xom
Yredelemnul
The Shining One

Shops:
D:4 *[


Innate Abilities, Weirdness & Mutations

You are frail. (-10% HP)
You sometimes yell uncontrollably at your foes.
Your spells are a little harder to cast, but a little more powerful.


Message History

* * * LOW HITPOINT WARNING * * *
You feel sick.
As you read the scroll labeled YQAOSI KESAOLAI, it crumbles to dust.
You feel strangely unstable.
It was a scroll of teleportation.
You feel like a meek peon again.
As you read the scroll labeled YTUOPE VAJA, it crumbles to dust.
You hear a loud clanging noise!
It was a scroll of noise.
* * * LOW HITPOINT WARNING * * *
You feel sick.
As you read the scroll labeled AGIFEI PAIBBOL, it crumbles to dust.
Your ears itch!
It was a scroll of random uselessness.
As you read the scroll labeled EPPYMA MEEMU, it crumbles to dust.
It is a scroll of enchant armour.
Your +1 pair of gloves glows green for a moment.
Your surroundings suddenly seem different.
* * * LOW HITPOINT WARNING * * *
You feel sick.
There is a lethal amount of poison in your body!
You die...

#.# # #.# # ##### #.####
###################...# #.##..
......................# #.##.#
.........############## #....#
..........#...........######....#
.........#############..........#
..........'.....@........>......#
..........#.#######.[...........#
......#...####'#......#.........#
......#...# #.#......#.......)..
....#.#.#.# #.#......#..........
....#.#.#.# #.#......'..........
....#.#.#.# #.#######.........##
....#.#.#.# #.........#..######
....#.#.#.# ############.#


There were no monsters in sight!

Vanquished Creatures
  A hungry ghost (D:7)
  An orc warrior (D:2)
  A black bear (D:4)
  A necrophage (D:6)
  3 ogres
  2 phantoms
  A bullfrog (Sewer)
  Blork the orc (D:4)
  A scorpion (D:7)
  6 killer bees
  2 jellies (D:5)
  A howler monkey (D:7)
  A crimson imp (D:5)
  3 hounds
  2 orc priests
  4 orc wizards
  A centaur skeleton (D:6)
  A bullfrog skeleton (D:6)
  Terence (D:2)
  An iguana (D:2)
  8 worker ants
  Robin (D:2)
  11 adders
  2 river rats (D:6)
  2 oozes
  An adder zombie (D:7)
  4 worms
  3 dart slugs (D:1)
  8 leopard geckos
  17 orcs
  7 giant cockroaches
  4 hobgoblins
  9 jackals
  5 kobolds
  3 quokkas
  9 ball pythons
  7 bats
  9 frilled lizards
  19 goblins
  A leopard gecko skeleton (D:7)
  11 rats
176 creatures vanquished.

Notes
Turn   | Place    | Note
-------+----------+-------------------------------------------
     0 | D:1      | Error4North the Hill Orc Fighter began the quest for the
                  | Orb.
     0 | D:1      | Reached XP level 1. HP: 19/19 MP: 1/1
    79 | D:1      | Reached XP level 2. HP: 17/27 MP: 2/2
   338 | D:1      | Reached XP level 3. HP: 33/33 MP: 3/3
   808 | D:2      | Reached XP level 4. HP: 25/40 MP: 4/4
   928 | D:2      | Noticed Terence
   947 | D:2      | Killed Terence
   947 | D:2      | Reached skill level 1 in Throwing
  1165 | D:2      | Noticed Robin
  1188 | D:2      | Reached XP level 5. HP: 43/46 MP: 5/5
  1964 | D:2      | Killed Robin
  2083 | D:3      | Noticed an orc warrior
  2198 | D:2      | Killed an orc warrior
  2198 | D:2      | Reached skill level 1 in Spellcasting
  2198 | D:2      | Reached XP level 6. HP: 14/52 MP: 5/7
  3107 | D:3      | Found a faded altar of an unknown god.
  3639 | D:3      | Reached skill level 5 in Axes
  3728 | D:4      | Found Muddium's General Store.
  3748 | D:4      | Bought a scroll of identify for 26 gold pieces
  3748 | D:4      | Bought a scroll of identify for 26 gold pieces
  3924 | D:4      | Reached skill level 1 in Slings
  3924 | D:4      | Reached XP level 7. HP: 52/59 MP: 9/9
  3934 | D:4      | Found an opulent altar of Gozag.
  4109 | D:4      | Reached skill level 5 in Shields
  4303 | D:4      | Reached skill level 5 in Armour
  4354 | D:4      | Found Jenwuh's Antique Armour Emporium.
  4363 | D:4      | Bought a pair of runed gloves for 180 gold pieces
  4373 | D:4      | Noticed Blork the orc
  4384 | D:4      | Killed Blork the orc
  4484 | D:5      | Entered Level 5 of the Dungeon
  4776 | D:5      | Reached XP level 8. HP: 57/67 MP: 11/11
  5506 | D:5      | Found a staircase to the Ecumenical Temple.
  5523 | Temple   | Entered the Ecumenical Temple
  5581 | Temple   | Became a worshipper of Warmaster Okawaru
  5607 | D:5      | Found a stormy altar of Qazlal.
  5607 | D:5      | Found a shimmering blue altar of Sif Muna.
  6137 | D:6      | Found a shimmering blue altar of Sif Muna.
  6416 | D:6      | Found a glowing drain.
  6446 | Sewer    | Entered a sewer
  6772 | Sewer    | Reached skill level 5 in Fighting
  7005 | D:6      | Reached * piety under Okawaru
  7164 | D:6      | Found a sacrificial altar of Ru.
  7511 | D:6      | Reached XP level 9. HP: 74/74 MP: 13/13
  7720 | D:7      | Reached skill level 1 in Invocations
  8188 | D:7      | Found a snail-covered altar of Cheibriados.
  8331 | D:6      | Gained mutation: You occasionally shout uncontrollably at
                  | your foes. [potion of mutation]
  8331 | D:6      | Gained mutation: You sometimes yell uncontrollably at your
                  | foes. [potion of mutation]
  8331 | D:6      | Gained mutation: You are frail. (-10% HP) [potion of
                  | mutation]
  8331 | D:6      | Gained mutation: Your spells are a little harder to cast,
                  | but a little more powerful. [potion of mutation]
  8342 | D:6      | HP: 3/67 [poisoned by a killer bee]
  8348 | D:6      | HP: 1/67 [poisoned by a killer bee]
  8353 | D:6      | Succumbed to a killer bee's poison

Levels and vault maps discovered:
D:1:      dpeg_arrival_lava_temple_mockup, layout_loops_ring,
          serial_bayou_pond_e
D:2:      layout_loops_ring, uniq_terence, uniq_robin
D:3:      layout_basic, first_ration, chequers_ecumenical_altar_lobes,
          st_stairs_4
D:4:      layout_loops_cross, grunt_gozag_breadcrumbs, serial_shops, shop,
          shop_fountains, uniq_blork_the_orc
D:5:      layout_gridville, chequers_temple_overflow_statue_of_worship,
          minmay_temple_entry_hall, kennysheep_small_spiral
D:6:      layout_basic, basic_altar, serial_co_window_serial,
          co_window_corner_a, co_window_paths_a, co_window_paths_b,
          co_window_paths_b, co_window_paths_b, co_window_paths_a,
          co_window_broadway_a, co_window_paths_c, co_window_paths_c,
          co_window_broadway_a, co_window_broadway_b, glass_columns_a,
          glass_columns_b, portal_sewer_entry_c, lemuel_statue_altar
D:7:      layout_basic, nicolae_overflow_hidden_temple
Temple:   nicolae_temple_figure_zero

Skill      XL: |  1  2  3  4  5  6  7  8  9 |
---------------+----------------------------+-----
Axes           | 3 4 5 6 7 |  7.9
Throwing       | 1 |  1.9
Armour         | 4 5 6 |  6.6
Shields        | 4 5 6 7 |  7.2
Fighting       | 4 5 |  5.6
Spellcasting   | 1 2 3 |  3.1
Slings         | 1 2 |  2.6
Invocations    | 1 |  1.9
Dodging        | |  0.7
Stealth        | |  0.3

Action                   |  1- 3 |  4- 6 |  7- 9 || total
-------------------------+-------+-------+-------++-------
Melee: War axe           |    63 |   255 |   319 ||   637
       Hunting sling     |       |       |     1 ||     1
 Fire: Hunting sling     |       |    21 |    66 ||    87
Throw: Stone             |    24 |       |       ||    24
       Boomerang         |    23 |    35 |    20 ||    78
Invok: Heroism           |       |       |     2 ||     2
Evoke: Wand              |       |       |     3 ||     3
  Use: Potion            |       |     1 |     8 ||     9
       Scroll            |       |     1 |     8 ||     9
  Eat: Chunk             |       |    10 |    12 ||    22
       Ration            |       |       |     2 ||     2
Armor: Scale mail        |    23 |    69 |       ||    92
       Plate armour      |       |    54 |   262 ||   316
Dodge: Dodged            |    15 |    80 |    91 ||   186
Block: Shield            |    36 |   161 |   240 ||   437

Table legend:
 A = Non-vault XP
 B = Vault XP
 C = Vault XP percentage of total XP
 D = Non-vault monster count
 E = Vault monster count
 F = Vault count percentage of total count
                 A         B        C        D         E       F
            +---------+---------+-------+---------+---------+-------
      Total |    2882 |     368 |  11.3 |     136 |      40 |  22.7
            +---------+---------+-------+---------+---------+-------
        D:1 |      53 |       4 |   7.0 |      20 |       2 |   9.1
        D:2 |     256 |      70 |  21.5 |      22 |      12 |  35.3
        D:3 |     159 |       7 |   4.2 |      30 |       2 |   6.2
        D:4 |     258 |      91 |  26.1 |      11 |       1 |   8.3
        D:5 |     679 |       0 |   0.0 |      22 |       0 |   0.0
        D:6 |     971 |      34 |   3.4 |      22 |       5 |  18.5
        D:7 |     506 |       0 |   0.0 |       9 |       0 |   0.0
      Sewer |       0 |     162 | 100.0 |       0 |      18 | 100.0
            +---------+---------+-------+---------+---------+-------
